 Dungeon Crawl Stone Soup version 0.31-a0-188-g5e087ee2ca (webtiles) character file.

Game seed: 8355132709021428778

905 kae the Changer (level 7, 0/62 HPs)
             Began as a Yellow Draconian Transmuter on June 23, 2023.
             Was an Initiate of Ru.
             Slain by Edmund
             ... wielding a +4 heavy dire flail
              (17 damage)
             ... on level 6 of the Dungeon.
             The game lasted 00:05:39 (4739 turns).

kae the Changer (Yellow Draconian Transmuter)       Turns: 4739, Time: 00:05:40

Health: 0/62       AC:  7    Str: 12    XL:     7   Next: 80%
Magic:  13/13      EV: 10    Int: 16    God:    Ru [......]
Gold:   230        SH:  0    Dex: 11    Spells: 4/14 levels left

rFire   x .          .
                       - Unarmed
rCold   + + +        (shield currently unavailable)
rNeg    . . .        (body armour unavailable)
rPois   +            (helmet currently unavailable)
rElec   .            (cloak currently unavailable)
rCorr   .            j - melded +1 pair of gloves
SInv    .            (boots currently unavailable)
Will    +....        d - amulet of magic regeneration
Stlth   +            Y - +4 ring of slaying
HPRegen 0.30/turn    t - ring of willpower
MPRegen 0.53/turn

%: no passive effects
@: ice-form
A: freezing attack, amphibious, boosted hp, (spit acid), AC +6, large, unfitting
armour, (cold-blooded), (acid resistance)
a: End Transformation, Renounce Religion


You were on level 6 of the Dungeon.
You worshipped Ru.
Ru was noncommittal.
You were a creature of crystalline ice.
You visited 2 branches of the dungeon, and saw 7 of its levels.

You collected 230 gold pieces.


Innate Abilities, Weirdness & Mutations

You are a creature of crystalline ice.
You have a powerful freezing melee attack.
You are amphibious.
Your maximum health is increased.
Your armour is entirely melded.
You are incapable of wielding weapons or throwing items.
((You can spit globs of acid.))
((Your golden yellow scales are hard. (AC +6)))
You cannot fit into any form of body armour.
((You are cold-blooded and may be slowed by cold attacks.))
((You are resistant to acid. (rCorr)))


   Skills:
 - Level 1.1 Fighting
 - Level 1.7 Dodging
 * Level 4.3 Unarmed Combat
 + Level 4.3 Spellcasting
 * Level 6.4 Transmutations
 * Level 3.3 Ice Magic


You had 4 spell levels left.
You knew the following spells:

 Your Spells              Type           Power      Damage    Failure   Level
a - Beastly Appendage     Tmut           46%        N/A       1%          1
b - Wereblood             Tmut           23%        N/A       1%          2
c - Spider Form           Tmut/Pois      13%        N/A       13%         3
d - Ice Form              Ice/Tmut       19%        N/A       22%         4

Your spell library contained the following spells:

 Spells                   Type           Power      Damage    Failure   Level
 Slow                     Hex            12%        N/A       16%         1
 Lesser Beckoning         Tloc           6%         N/A       24%         2
 Hailstorm                Conj/Ice       8%         3d4       24%         3
 Confusing Touch          Hex            3%         N/A       43%         3
 Gell's Gravitas          Tloc           3%         N/A       43%         3
 Teleport Other           Tloc           3%         N/A       43%         3
 Vampiric Draining        Necr           3%         2d6       43%         3
 Simulacrum               Ice/Necr       4%         N/A       100%        6

Inventory:

Missiles
 c - 57 stones
 e - 10 boomerangs
 r - 5 poisoned darts
 s - a throwing net {=f!f}
Armour
 j - a +1 pair of gloves (melded)
   (You found it on level 3 of the Dungeon)
Magical Staves
 f - a staff of death {!a}
   (You found it on level 1 of the Dungeon)
Jewellery
 d - an amulet of magic regeneration (around neck)
   (You found it on level 1 of the Dungeon)
 t - a ring of willpower (right front paw)
   (You took it off a gnoll on level 4 of the Dungeon)
 C - a ring of ice
   (You found it on level 2 of the Dungeon)
 W - a ring of magical power
   (You found it on level 4 of the Dungeon)
 Y - a +4 ring of slaying (left front paw)
   (You found it on level 3 of the Dungeon)
Wands
 l - a wand of flame (20)
   (You took it off Jessica on level 3 of the Dungeon)
Scrolls
 b - a scroll of teleportation {@r4}
 h - 2 scrolls of poison {!r}
 k - a scroll of enchant weapon
Potions
 a - a potion of lignification {!q}
 g - 2 potions of heal wounds {@q2}
 i - a potion of ambrosia
 m - 2 potions of might {unknown}
 n - a potion of enlightenment {unknown}
 o - a potion of degeneration {!q}
 p - a potion of attraction {!q}
 q - a potion of resistance {unknown}
 u - 2 potions of curing {unknown}

Dungeon Overview and Level Annotations

Branches:
Dungeon (6/15) Zot: 26985  Temple (1/1) D:5 Zot: 5847

Altars:
Ashenzari
Cheibriados
Dithmenos
Elyvilon
Fedhas
Gozag
Hepliaklqana
Kikubaaqudgha
Makhleb
Nemelex Xobeh
Okawaru
Qazlal
Ru
Sif Muna
Vehumet
Wu Jian
Xom
Yredelemnul
Zin
The Shining One

Annotations:
D:6 Edmund

## #####
.#...#@Y.#
.......<.#
.#...#...#
##. #####
#. #


You could see Edmund.


Message History

😕 HP[-6]
You take 6 damage, and now have 56/62 hp.
The gnoll hits you but does no damage.
Items here: ))) [ †.
You hit the gnoll. You freeze the gnoll.
You howl as the wereblood boils in your veins!
The gnoll hits you but does no damage. 😕 HP[+1] MP[+1]
You hit the gnoll. You freeze the gnoll.
You feel a bit better.
You kill the gnoll! 😕 HP[+1] MP[+1]
Your mp is fully restored (13).
No target in view!
No target in view!
You see here a +0 spear.
Unknown command. 😕 HP[+1] Unknown command.
Your primal bloodlust is almost over.
Your primal bloodlust has ended.
Your transformation is almost over.
Your magical contamination has completely faded away. 😎 HP[+3]
Your hp is fully restored (62).
You pick up a book of the Tundra and begin reading...
You add the spells Hailstorm and Simulacrum to your library.
Unknown command.
You warm up again.
Your +1 pair of gloves unmelds from your body.
There is a stone staircase leading up here.
Key pressed, stopping explore.
Unknown command. 😎 HP[-10]
You now have 52 max hp (-10).
Done exploring.
Unknown command.
Done exploring.
Done exploring.
Unknown command.
Done exploring.
Done exploring.
Done exploring.
Okay, then.
Okay, then.
Okay, then.
Done exploring.
Unknown command.
Done exploring.
Done exploring.
Done exploring.
(D) Dungeon (T) Temple
Where to? (Enter - D:5 @ (x,y), ? - help)
There is a stone staircase leading down here.
You climb downwards.
Edmund shouts!
There is a stone staircase leading up here.
Edmund is nearby!
Okay, then.
Casting: Ice Form (quite dangerous; 22% risk of failure)
Confirm with . or Enter, or press ? or * to list all spells.
The spell is quite dangerous to miscast (22% risk of failure)!
Continue anyway? [Y]es or [N]o only, please.
The spell is quite dangerous to miscast (22% risk of failure)!
Continue anyway?
You turn into a creature of crystalline ice.
Your +1 pair of gloves melds into your body. 😎 HP[+10] MP[-4]
You now have 62 max hp (+10).
Your hp is fully restored (62).
You lost 4 mp, and now have 9/13 mp. 😎 MP[+1]
You barely miss Edmund. You completely miss Edmund.
Edmund closely misses you. 😎 MP[+1]
You barely miss Edmund. Edmund barely misses you.
You barely miss Edmund. 😎 MP[+1]
You hit Edmund. You freeze Edmund. Edmund barely misses you.
You punch Edmund! You freeze Edmund.
Edmund hits you with a +4 heavy dire flail!! 😮 HP[-23] MP[+1]
You take 23 damage, and now have 39/62 hp.
MASSIVE DAMAGE!! (PAUSE)
Your mp is fully restored (13).
You hit Edmund. You freeze Edmund. You hit Edmund. You freeze Edmund.
Edmund hits you with a +4 heavy dire flail!!
* * * LOW HITPOINT WARNING * * *
Unknown command. 😱 HP[-24]
You take 24 damage, and now have 15/62 hp.
MASSIVE DAMAGE!! (PAUSE)
You hit Edmund but do no damage. 😨 HP[+1] Unknown command.
You hit Edmund but do no damage. Edmund hits you but does no damage.
You hit Edmund. You freeze Edmund. Edmund closely misses you.
You barely miss Edmund. 😨 HP[+1]
You hit Edmund. You freeze Edmund.
Edmund hits you with a +4 heavy dire flail!
You die...

Skill      XL: |  1  2  3  4  5  6  7 |
---------------+----------------------+-----
Transmutations | 3 5 6 |  6.4
Spellcasting   | 3 4 |  4.3
Ice Magic      | 2 3 |  3.3
Unarmed Combat | 4 |  4.3
Fighting       | |  1.1
Dodging        | |  1.7

Action                     |  1- 3 |  4- 6 |  7- 9 || total
---------------------------+-------+-------+-------++-------
  Melee: Unarmed           |   115 |   113 |    61 ||   289
         Tailslap          |     7 |     7 |       ||    14
         Kick              |    17 |    10 |       ||    27
         Headbutt          |    11 |     6 |       ||    17
         Punch             |     1 |       |       ||     1
   Cast: Beastly Appendage |    28 |    11 |       ||    39
         Spider Form       |     1 |     9 |     7 ||    17
         Wereblood         |     1 |     2 |     2 ||     5
         Ice Form          |       |     1 |     5 ||     6
Ability: End Transformatio |       |       |     1 ||     1
    Use: Scroll            |     5 |     3 |     3 ||    11
 Armour: Skin              |    35 |    27 |     9 ||    71
  Dodge: Dodged            |    82 |    61 |    41 ||   184

Levels and vault maps discovered:
D:1:      dpeg_arrival_houses_and_road, layout_loops_cross,
          chequers_serial_rivers_micro_d, minivault_14
D:2:      layout_loops_ring, chequers_ecumenical_altar_island, basic_altar,
          serial_bayou, serial_bayou_pond_a, serial_bayou_crossing,
          serial_bayou_pond_e, serial_bayou_ford_a, dk_noncrumbling_4
D:3:      layout_loops_ring, elyvilon_altar_5, ebering_ghost_sewer_f,
          wad_floor_pattern_untrapped, uniq_jessica, uniq_sigmund
D:4:      layout_basic, mainiacjoe_overflow_small_starburst, hex_intersection
D:5:      layout_loops_ring, tgw_kikubaaqudgha,
          gammafunk_temple_overflow_statue, minmay_temple_entry_large_hall
D:6:      layout_rooms, nicolae_elevator_lobby_plus, uniq_edmund
Temple:   jpeg_temple_clearing

Notes
Turn   | Place    | Note
-------+----------+-------------------------------------------
     0 | D:1      | kae the Draconian Transmuter began the quest for the Orb.
     0 | D:1      | Reached XP level 1. HP: 16/16 MP: 3/3
     0 | D:1      | magus.rc [v1.11.3]
   152 | D:1      | Reached XP level 2. HP: 21/23 MP: 3/5
   404 | D:1      | Reached skill level 3 in Transmutations
   652 | D:1      | You pick up a book of Displacement and begin reading...
   652 | D:1      | You add the spells Lesser Beckoning, Gell's Gravitas and
                  | Teleport Other to your library.
   686 | D:1      | Learned a level 2 spell: Wereblood
   755 | D:2      | Found a glowing silver altar of Zin.
   799 | D:2      | Reached XP level 3. HP: 20/28 MP: 6/6
   803 | D:2      | Learned a level 3 spell: Spider Form
   998 | D:2      | Found a faded altar of an unknown god.
  1633 | D:3      | Found a runed translucent door.
  1640 | D:3      | Noticed sastreii's ghost (amateur MfGl)
  1669 | D:3      | Found a white marble altar of Elyvilon.
  2012 | D:3      | Noticed Jessica
  2021 | D:3      | Killed Jessica
  2022 | D:3      | Reached XP level 4. HP: 35/35 MP: 8/8
  2060 | D:3      | Found a runed translucent door.
  2081 | D:3      | Reached skill level 4 in Transmutations
  2097 | D:3      | Noticed Sigmund
  2163 | D:3      | Killed Sigmund
  2164 | D:3      | Reached skill level 3 in Spellcasting
  2164 | D:3      | Reached skill level 5 in Transmutations
  2164 | D:3      | Reached XP level 5. HP: 40/40 MP: 8/10
  2171 | D:3      | Learned a level 4 spell: Ice Form
  2503 | D:4      | Found a shadowy altar of Dithmenos.
  2608 | D:4      | Reached XP level 6. HP: 41/47 MP: 11/11
  2650 | D:4      | Reached skill level 1 in Ice Magic
  3497 | D:3      | Killed sastreii's ghost
  3498 | D:3      | Reached skill level 2 in Ice Magic
  3668 | D:5      | Entered Level 5 of the Dungeon
  3740 | D:5      | Found a staircase to the Ecumenical Temple.
  3750 | D:5      | Reached skill level 4 in Spellcasting
  3753 | D:5      | Your scales start taking on a golden yellow colour.
  3753 | D:5      | Reached XP level 7. HP: 41/52 MP: 10/13
  3753 | D:5      | Gained mutation: You are resistant to acid. (rCorr) [Yellow
                  | Draconian growth]
  3780 | Temple   | Entered the Ecumenical Temple
  4095 | D:5      | You pick up a book of Debilitation and begin reading...
  4095 | D:5      | You add the spells Slow, Vampiric Draining and Confusing
                  | Touch to your library.
  4116 | D:5      | Reached skill level 6 in Transmutations
  4208 | D:5      | Found a sacrificial altar of Ru.
  4208 | D:5      | Found a radiant altar of Vehumet.
  4370 | D:5      | Became a worshipper of Ru the Awakened
  4424 | D:5      | Reached skill level 4 in Unarmed Combat
  4424 | D:5      | Reached skill level 3 in Ice Magic
  4523 | D:5      | Found an ancient bone altar of Kikubaaqudgha.
  4523 | D:5      | Noticed a human
  4526 | D:5      | Killed a human
  4657 | D:5      | You pick up a book of the Tundra and begin reading...
  4657 | D:5      | You add the spells Hailstorm and Simulacrum to your
                  | library.
  4724 | D:6      | Noticed Edmund
  4734 | D:6      | HP: 15/62 [Edmund/+4 heavy dire flail (24)]
  4739 | D:6      | Slain by Edmund

Vanquished Creatures
  Sigmund (D:3)
  A black bear (D:5)
  The ghost of sastreii the Poker, an amateur MfGl (D:3)
  A phantom (D:5)
  2 scorpions
  3 hounds (D:5)
  Jessica (D:3)
  A gnoll bouda (D:5)
  8 gnolls
  A river rat (D:3)
  5 adders
  3 worms
  4 dart slugs
  16 orcs
  9 ball pythons
  4 endoplasms
  2 giant cockroaches
  5 goblins
  7 hobgoblins
  3 quokkas
  5 bats
  3 frilled lizards
  9 kobolds
  5 rats
100 creatures vanquished.

Vanquished Creatures (others)
  A human (D:5)
1 creature vanquished.

Grand Total: 101 creatures vanquished

Table legend:
 A = Non-vault XP
 B = Vault XP
 C = Vault XP percentage of total XP
 D = Non-vault monster count
 E = Vault monster count
 F = Vault count percentage of total count
                 A         B        C        D         E       F
            +---------+---------+-------+---------+---------+-------
      Total |     893 |     401 |  31.0 |      93 |       7 |   7.0
            +---------+---------+-------+---------+---------+-------
        D:1 |      37 |       0 |   0.0 |      20 |       0 |   0.0
        D:2 |      30 |       0 |   0.0 |       9 |       0 |   0.0
        D:3 |      39 |     401 |  91.1 |      22 |       7 |  24.1
        D:4 |     174 |       0 |   0.0 |      19 |       0 |   0.0
        D:5 |     613 |       0 |   0.0 |      23 |       0 |   0.0
            +---------+---------+-------+---------+---------+-------

Skill      XL: |  1  2  3  4  5  6  7 |
---------------+----------------------+-----
Transmutations | 3 5 6 |  6.4
Spellcasting   | 3 4 |  4.3
Ice Magic      | 2 3 |  3.3
Unarmed Combat | 4 |  4.3
Fighting       | |  1.1
Dodging        | |  1.7

Action                     |  1- 3 |  4- 6 |  7- 9 || total
---------------------------+-------+-------+-------++-------
  Melee: Unarmed           |   115 |   113 |    61 ||   289
         Tailslap          |     7 |     7 |       ||    14
         Kick              |    17 |    10 |       ||    27
         Headbutt          |    11 |     6 |       ||    17
         Punch             |     1 |       |       ||     1
   Cast: Beastly Appendage |    28 |    11 |       ||    39
         Spider Form       |     1 |     9 |     7 ||    17
         Wereblood         |     1 |     2 |     2 ||     5
         Ice Form          |       |     1 |     5 ||     6
Ability: End Transformatio |       |       |     1 ||     1
    Use: Scroll            |     5 |     3 |     3 ||    11
 Armour: Skin              |    35 |    27 |     9 ||    71
  Dodge: Dodged            |    82 |    61 |    41 ||   184

Illustrated notes

Table legend:
 A = Kills in this place as a percentage of kills in the entire game.
 B = Kills by you in this place as a percentage of kills by you in the entire game.
 C = Kills by friends in this place as a percentage of kills by friends in the entire game.
 D = Other kills in this place as a percentage of other kills in the entire game.
 E = Experience gained in this place as a percentage of experience gained in the entire game.
 F = Experience gained in this place divided by the number of levels of this place that you have seen.
                   A       B       C       D       E      F
               +-------+-------+-------+-------+-------+----------------------
         Total | 100.0 | 100.0 |   N/A |   N/A | 100.0 | 184.9
       Dungeon | 100.0 | 100.0 |   N/A |   N/A | 100.0 | 215.7
               +-------+-------+-------+-------+-------+----------------------

Table legend: (Time is in decaauts)
 A = Elapsed time spent in this place.
 B = Non-inter-level travel time spent in this place.
 C = Inter-level travel time spent in this place.
 D = Time resting spent in this place.
 E = Time spent auto-exploring this place.
 F = Levels seen in this place.
 G = Mean time per level.
                   A        B        C        D        E       F      G
               +--------+--------+--------+--------+--------+-----+--------+
         Total |   4755 |   4364 |    391 |     57 |   3423 |   7 |  679.3 |
       Dungeon |   4602 |   4231 |    371 |     57 |   3307 |   6 |  767.0 |
        Temple |    152 |    132 |     20 |      0 |    116 |   1 |  152.0 |
               +--------+--------+--------+--------+--------+-----+--------+

Top non-repeatable levels by time:
     D:3: 1038 daAuts
     D:4: 975 daAuts
     D:2: 923 daAuts
     D:5: 899 daAuts
     D:1: 753 daAuts
  Temple: 152 daAuts
     D:6: 13 daAuts
